 Dungeon Crawl Stone Soup version 0.16.1-5-gaa23807 (webtiles) character file.

3596 altajko the Arsonist (level 9, -4/45 HPs)
             Began as a Deep Elf Fire Elementalist on Mar 27, 2015.
             Was an Initiate of Sif Muna.
             Killed from afar by a fire drake (31 damage)
             ... with a blast of flame
             ... on level 8 of the Dungeon on Mar 28, 2015.
             The game lasted 00:53:14 (7725 turns).

altajko the Arsonist (Deep Elf Fire Elementalist)   Turns: 7725, Time: 00:53:14

Health: -4/45      AC: 14    Str:  1    XL:     9   Next: 85%
Magic:  27/38      EV: 16    Int: 24    God:    Sif Muna [......]
Gold:   302        SH:  0    Dex: 15    Spells: 5 memorised, 11 levels left

rFire  . . .     SeeInvis .     i - +0 dagger (protect)
rCold  . . .     Clarity  .     a - +0 robe
rNeg   + . .     SustAb   .     (no shield)
rPois  .         Gourm    .     K - +0 helmet
rElec  +         Spirit   .     (no cloak)
rCorr  .         Warding  .     (no gloves)
rMut   .         Stasis   .     G - +5 pair of boots of Prudence {rElec rN+ MR++ Str-4 Slay-4}
MR     +++..                    (no amulet)
Stlth  ++........               C - ring of protection from magic
                                f - ring of magical power

@: extremely resistant to hostile enchantments, unstealthy
A: no striking features
a: Renounce Religion


You were on level 8 of the Dungeon.
You worshipped Sif Muna.
Sif Muna was noncommittal.
You were very hungry.

You visited 2 branches of the dungeon, and saw 9 of its levels.

You collected 302 gold pieces.

Inventory:

Hand weapons
 i - a +0 dagger of protection (weapon)
 H - a +0 blowgun
Missiles
 I - 31 poisoned needles
Armour
 a - a +0 robe (worn)
 G - the +5 pair of boots of Prudence (worn) {rElec rN+ MR++ Str-4 Slay-4}
   (You found it on level 5 of the Dungeon)

   It affects your strength (-4).
   It affects your accuracy and damage with ranged weapons and melee attacks
   (-4).
   It insulates you from electricity.
   It protects you from negative energy.
   It affects your resistance to hostile enchantments.
 K - a +0 helmet (worn)
Jewellery
 f - a ring of magical power (left hand)
 C - a ring of protection from magic (right hand)
 F - an uncursed ring of flight
Magical devices
 o - a wand of magic darts (26)
 x - a wand of paralysis (13)
 A - a wand of draining (4)
 P - a wand of fire (3)
 R - a wand of polymorph (4)
Scrolls
 e - 3 scrolls of identify
 j - 3 scrolls of immolation {unknown}
 k - 3 scrolls of teleportation {unknown}
 l - 3 scrolls of recharging {unknown}
 m - 3 scrolls of remove curse
 p - a scroll of enchant weapon {unknown}
 r - a scroll of vulnerability {unknown}
 s - 3 scrolls of blinking {unknown}
 y - a scroll of amnesia {unknown}
 B - a scroll of noise {unknown}
 J - a scroll of fear {unknown}
 M - a scroll of fog {unknown}
 N - a scroll of enchant armour {unknown}
Potions
 d - a potion of mutation {unknown}
 g - a potion of degeneration {unknown}
 n - 2 potions of restore abilities {unknown}
 u - 2 potions of agility {unknown}
 z - a potion of haste {unknown}
 D - 2 potions of might {unknown}
 E - a potion of poison {unknown}
 L - a potion of flight {unknown}
 O - 2 potions of curing {unknown}
 Q - a potion of beneficial mutation {unknown}
Books
 b - a book of Flames

   Spells                             Type                      Level
   a - Flame Tongue                   Conjuration/Fire             1
   b - Throw Flame                    Conjuration/Fire             2
   c - Conjure Flame                  Conjuration/Fire             3
   d - Inner Flame                    Hexes/Fire                   3
   e - Sticky Flame                   Conjuration/Fire             4
   f - Fireball                       Conjuration/Fire             5
 w - a book of Ice

   Spells                             Type                      Level
   a - Ice Form                       Ice/Transmutation            4
   b - Metabolic Englaciation         Hexes/Ice                    5
   c - Ozocubu's Refrigeration        Ice                          6
   d - Bolt of Cold                   Conjuration/Ice              6
   e - Freezing Cloud                 Conjuration/Ice/Air          6
   f - Simulacrum                     Ice/Necromancy               6
Comestibles
 c - 6 bread rations
 q - 3 beef jerkies
 t - a royal jelly
 v - 5 meat rations


   Skills:
 + Level 0.2 Fighting
 * Level 7.2 Dodging
 + Level 3.6 Stealth
 + Level 9.1 Spellcasting
 + Level 7.0 Conjurations
 * Level 10.2 Fire Magic
 + Level 0.2 Evocations


You had 11 spell levels left.
You knew the following spells:

 Your Spells              Type           Power        Failure   Level  Hunger
a - Flame Tongue          Conj/Fire      #####        1%          1    None
b - Conjure Flame         Conj/Fire      ######..     1%          3    None
c - Throw Flame           Conj/Fire      ######       1%          2    None
d - Sticky Flame          Conj/Fire      ######..     1%          4    ##.....
e - Fireball              Conj/Fire      ######....   6%          5    ####...


Dungeon Overview and Level Annotations

Branches:
Dungeon (8/15)             Temple (1/1) D:7
   Lair: D:8-11

Altars:
Ashenzari
Cheibriados
Dithmenos
Elyvilon
Fedhas
Kikubaaqudgha
Makhleb
Nemelex Xobeh
Okawaru
Qazlal
Ru
Sif Muna
Trog
Vehumet
Xom
Yredelemnul
The Shining One

Shops:
D:6 =


Message History

Okay, then.
Casting: Fireball
Confirm with . or Enter, or press ? or * to list all spells.
You don't know that spell.
Casting: Fireball
Confirm with . or Enter, or press ? or * to list all spells.
Aiming: Throw Flame
Press: ? - help, Shift-Dir - straight line, f - fire drake
Aim: a fire drake The puff of flame hits the fire drake.
The fire drake resists.
The fire drake is lightly wounded.
An orc wizard comes into view. It is wielding a dagger.
The fire drake breathes flames at you. The blast of flame hits you!
The fire drake breathes flames at you.
The blast of flame hits the orc.
The orc dies!
The blast of flame hits you!
Ouch! That really hurt!
You die...

≈≈≈≈≈..##......###.#####..
≈≈≈≈§....................
≈≈≈...##......###..####..
..... #......# ##.####..
#.#.# #......# #.....#..
..####...###......#
#.....#..
...........##......#
#.....#..
...†.......##......#
#.....#..
##.......k.##@.....#
#.....#..
#......[...#).....#
#.....#.
######.###.#......#
#.....# ... #.k......#
#.....# .... #.....####
... ..... #.._..# ....
#.....# . o #.....#
#####..


You could see a fire drake.

Vanquished Creatures
  A troll (D:7)
  Grinder (D:5)
  2 hungry ghosts (D:7)
  A hippogriff (D:7)
  Menkaure (D:4)
  A sky beast (D:7)
  The ghost of EmilioHeskey the Shield-Bearer, an average HOFi (D:4)
  3 ogres
  3 ice beasts
  An orc warrior (D:6)
  3 centaurs (D:6)
  A big kobold (D:7)
  Sigmund (D:5)
  5 giant frogs
  A scorpion (D:4)
  4 wights (D:7)
  A jelly (D:7)
  2 giant frog zombies (D:7)
  A goliath beetle (D:7)
  A wasp zombie (D:6)
  4 worker ants
  A quasit (D:7)
  4 hounds
  4 orc priests
  3 iguanas
  2 orc wizards
  2 hound zombies
  A hound skeleton (D:7)
  A gnoll (D:1)
  12 adders
  A shadow imp (D:8)
  4 worms
  2 adder skeletons
  3 giant geckos
  23 orcs
  2 ball pythons
  A bat skeleton (D:5)
  A bat zombie (D:5)
  5 giant cockroaches
  18 goblins
  13 hobgoblins
  20 kobolds
  9 bats
  2 giant newts
  A jackal skeleton (D:4)
  5 quokkas
  16 rats
195 creatures vanquished.

Vanquished Creatures (others)
  An ogre (D:7)
  An orc (D:8)
  A jackal (D:7)
  A giant gecko (D:7)
4 creatures vanquished.

Grand Total: 199 creatures vanquished

Notes
Turn   | Place    | Note
--------------------------------------------------------------
     0 | D:1      | altajko, the Deep Elf Fire Elementalist, began the quest for the Orb.
     0 | D:1      | Reached XP level 1. HP: 10/10 MP: 5/5
   253 | D:1      | Reached XP level 2. HP: 15/15 MP: 8/8
   590 | D:1      | Reached XP level 3. HP: 11/19 MP: 11/11
   971 | D:2      | Reached skill level 4 in Fire Magic
  1392 | D:2      | Reached XP level 4. HP: 24/24 MP: 15/15
  1675 | D:3      | Learned a level 3 spell: Conjure Flame
  1770 | D:3      | Reached XP level 5. HP: 28/28 MP: 18/18
  2324 | D:3      | Learned a level 2 spell: Throw Flame
  2541 | D:4      | Reached skill level 5 in Spellcasting
  2609 | D:4      | Reached skill level 5 in Fire Magic
  2699 | D:4      | Found a stormy altar of Qazlal.
  2755 | D:4      | Noticed EmilioHeskey's ghost (average HOFi)
  2779 | D:4      | Killed EmilioHeskey's ghost
  2779 | D:4      | Reached XP level 6. HP: 32/32 MP: 16/21
  2823 | D:4      | Noticed Menkaure
  2835 | D:4      | Killed Menkaure
  2996 | D:4      | Reached XP level 7. HP: 36/36 MP: 20/23
  3081 | D:4      | Reached skill level 6 in Fire Magic
  3357 | D:5      | Entered Level 5 of the Dungeon
  3363 | D:5      | Learned a level 4 spell: Sticky Flame
  3383 | D:5      | Got a pair of faintly glowing boots
  3389 | D:5      | Identified the +5 pair of boots of Prudence {rElec rN+ MR++ Str-4 Slay-4} (You found it on level 5 of the Dungeon)
  3472 | D:5      | Noticed Grinder
  3489 | D:5      | Killed Grinder
  3762 | D:5      | Reached skill level 7 in Fire Magic
  3856 | D:5      | Found a radiant altar of Vehumet.
  4079 | D:5      | Noticed Sigmund
  4084 | D:5      | Killed Sigmund
  4084 | D:5      | Reached XP level 8. HP: 41/41 MP: 22/25
  4142 | D:5      | You fall through a shaft for 2 floors!
  4274 | D:7      | Reached skill level 5 in Conjurations
  4317 | D:7      | Reached skill level 5 in Dodging
  4392 | D:7      | Found a shimmering altar of Xom.
  4428 | D:7      | Reached skill level 8 in Fire Magic
  4755 | D:6      | Found an ancient bone altar of Kikubaaqudgha.
  4895 | D:6      | Found a snail-covered altar of Cheibriados.
  5178 | D:6      | Found Pripn's Jewellery Boutique.
  5661 | D:6      | Reached XP level 9. HP: 45/45 MP: 28/28
  5868 | D:6      | Reached skill level 9 in Fire Magic
  6913 | D:7      | Found a staircase to the Ecumenical Temple.
  6919 | Temple   | Entered the Ecumenical Temple
  7015 | Temple   | Upgraded the game from 0.16.1-4-g8e1b745 to 0.16.1-5-gaa23807
  7025 | Temple   | Became a worshipper of Sif Muna the Loreminder
  7313 | D:7      | Noticed a troll
  7322 | D:7      | Killed a troll
  7322 | D:7      | Reached skill level 10 in Fire Magic
  7644 | D:8      | Learned a level 5 spell: Fireball
  7699 | D:8      | Found a burning altar of Makhleb.
  7714 | D:8      | Noticed a fire drake
  7725 | D:8      | Killed from afar by a fire drake

Action                   |  1- 3 |  4- 6 |  7- 9 || total
-------------------------+-------+-------+-------++-------
Melee: Dagger            |     2 |       |    40 ||    42
 Cast: Flame Tongue      |    94 |    84 |   106 ||   284
       Conjure Flame     |       |     2 |       ||     2
       Throw Flame       |       |    34 |   191 ||   225
       Sticky Flame      |       |       |    13 ||    13
Evoke: Wand              |       |       |     2 ||     2
  Use: Scroll            |       |       |     4 ||     4
  Eat: Chunk             |     1 |     5 |    14 ||    20
       Beef jerky        |       |       |     1 ||     1
